 Dungeon Sprint DCSS version 0.29-a0-468-ge57f7f99b4 (webtiles) character file.

Game seed: 690393568071797274

58 mhtbhm the Skirmisher (level 3, -1/55 HPs)
             Began as a Draconian Berserker on May 21, 2022.
             Was a Follower of Trog.
             Slain by a polar bear (12 damage)
             ... in the Dungeon (Sprint VII: "The Pits").
             The game lasted 00:00:11 (24 turns).

mhtbhm the Skirmisher (Draconian Berserker)           Turns: 24, Time: 00:00:12

Health: -1/55      AC:  5    Str: 21    XL:     3   Next: 76%
Magic:  3/3        EV: 13    Int:  7    God:    Trog [*.....]
Gold:   0          SH:  0    Dex: 10    Spells: 2/2 levels left

rFire   . . .      SeeInvis .   a - +0 hand axe
rCold   . . .      Faith    .   (no shield)
rNeg    . . .      Spirit   .   (body armour unavailable)
rPois   .          Reflect  .   (helmet restricted)
rElec   .          Harm     .   (no cloak)
rCorr   .          Rampage  .   (no gloves)
Will    .....      NoTele   +   (no boots)
Stlth   ..........              (no amulet)
HPRegen 0.18/turn               (no ring)
MPRegen 0.08/turn               (no ring)

@: berserking, hasted, very quick
A: AC +5, unfitting armour, cold-blooded
a: Renounce Religion, Berserk


You were in the Dungeon.
You worshipped Trog.
Trog was aware of your devotion.
You visited 1 branch

Inventory:

Hand Weapons
 a - a +0 hand axe (weapon)
Scrolls
 g - a scroll of blinking
Potions
 b - a potion of curing
 c - a potion of heal wounds
 e - 2 potions of magic
 f - a potion of berserk rage


   Skills:
 + Level 5.7 Fighting
 + Level 5.1 Axes
 + Level 4.7 Dodging


You had 2 spell levels left.
You didn't know any spells.
Your spell library was empty.

Dungeon Overview and Level Annotations

Branches:
Dungeon (1/1)

Altars:


Innate Abilities, Weirdness & Mutations

Your plain brown scales are hard. (AC +5)
You cannot fit into any form of body armour.
You are cold-blooded and may be slowed by cold attacks.


Message History

You hit the hell rat but do no damage. The hell rat completely misses you.
Your Fighting skill gained 2 levels and is now at level 5!
Your Axes skill increases to level 4!
Your Dodging skill gained 2 levels and is now at level 4!
You have reached level 2!
You have reached level 3!
Your experience leads to an increase in your attributes!
Increase (S)trength, (I)ntelligence, or (D)exterity?
You feel stronger. x2; Your scales feel tougher.
Unknown command.
Unknown command.
You hit the hell rat.
The hell rat is severely wounded.
You hit the polar bear. The hell rat closely misses you.
The polar bear bites you! The polar bear closely misses you. x2
You closely miss the hell rat.
The hell rat is severely wounded.
You hit the polar bear but do no damage.
The hell rat bites you!
You feel drained.
* * * LOW HITPOINT WARNING * * *
You barely miss the hell rat.
You tail-slap the hell rat, but do no damage.
The hell rat is severely wounded.
You barely miss the polar bear. The polar bear bites you.
* * * LOW HITPOINT WARNING * * *
The polar bear claws you but does no damage.
The polar bear completely misses you. The hell rat barely misses you.
You slash the hell rat!
You kill the hell rat!
Trog accepts your kill.
You barely miss the polar bear.
The polar bear bites you but does no damage.
The polar bear closely misses you. The polar bear completely misses you.
Your life force feels restored.
Your Axes skill increases to level 5!
Unknown command.
You hit the polar bear but do no damage.
The polar bear is lightly wounded.
The polar bear bites you!
You die...

##########++######
#................#
#......#..#......#
#................+
+................+
#......#..#......#
#.........@......#
####'#####†h######
#.......##''#
#.......##...
#.......##...#
#...<...##..##
#.......##..#
#.......##..+
#.......#


You could see a polar bear.

Vanquished Creatures
  A crimson imp (D)
  A hell rat (D)
2 creatures vanquished.

Notes
Turn   | Place    | Note
-------+----------+-------------------------------------------
     0 | D        | mhtbhm the Draconian Berserker began the quest for the Orb.
     0 | D        | Reached XP level 1. HP: 19/19 MP: 1/1
    11 | D        | Noticed a crimson imp
    11 | D        | Noticed a hell rat
    11 | D        | Noticed a polar bear
    19 | D        | Killed a crimson imp
    20 | D        | Reached skill level 5 in Fighting
    20 | D        | Reached XP level 2. HP: 29/29 MP: 2/2
    20 | D        | Reached XP level 3. HP: 36/36 MP: 3/3
    24 | D        | Reached skill level 5 in Axes
    24 | D        | Slain by a polar bear

Illustrated notes

Levels and vault maps discovered:
D:        pitsprint [storerooms_1, entrance_room_1, metal_vault_7, armoury_3,
          mini_pit_1, grid_room_1, main_hall_1, silver_pit, the_coven_2,
          the_vestibule_1, steel_vault_4, golden_pit, hallway_of_sentries,
          crystal_vault_5, iron_vault_3, final_vault]

Skill      XL: |  1  2  3 |
---------------+----------+-----
Fighting       | 5 |  5.7
Axes           | 4 5 |  5.1
Dodging        | 4 |  4.7

Action                   || total
-------------------------++-------
Melee: Hand axe          ||     9
       Tailslap          ||     1
Invok: Berserk           ||     1
  Use: Potion            ||     1
Armor: Skin              ||     2
Dodge: Dodged            ||     9

Table legend: (Time is in decaauts)
 A = Elapsed time spent in this place.
 B = Non-inter-level travel time spent in this place.
 C = Inter-level travel time spent in this place.
 D = Time resting spent in this place.
 E = Time spent auto-exploring this place.
 F = Levels seen in this place.
 G = Mean time per level.
                   A        B        C        D        E       F      G
               +--------+--------+--------+--------+--------+-----+--------+
         Total |     21 |     21 |      0 |      0 |     11 |   1 |   21.0 |
       Dungeon |     21 |     21 |      0 |      0 |     11 |   1 |   21.0 |
               +--------+--------+--------+--------+--------+-----+--------+

Top non-repeatable levels by time:
       D: 21 daAuts
